Map: Galactic Process LE

Players

Diord

  • Race: Terran Terran
  • League: Master
  • Spawn Location: 7:00

IlIlIlIlIlIl (Naniwa) - Winner!

  • Race: Protoss Protoss
  • League: Master
  • Spawn Location: 1:00

VOD

Have the link to the VOD?

Description

Time

  • Played on: Oct. 26, 2016, 12:30 p.m.
  • Length: 10:49
Show
View Real Time Build Order
Export as new Build Order

Diord Terran 

Build Orders: Reaper Expand, MMM Bio 

Get SALT Encoding   

  12  0:01  SCV  
  13  0:13  SCV  
  14  0:17  Supply Depot  
  14  0:25  SCV  
  15  0:31  Refinery  
  15  0:39  SCV  
  16  0:45  Barracks  
  16  0:51  SCV  
  17  1:03  SCV  
  18  1:15  SCV  
  19  1:31  Orbital Command  
  19  1:32  Reaper  
  20  1:43  Command Center  
  20  1:54  Factory  
  20  1:57  SCV  
  21  2:09  Supply Depot, Barracks Reactor  
  21  2:12  SCV  
  22  2:24  SCV  
  22  2:26  Barracks  
  23  2:37  SCV  
  23  2:39  Barracks  
  24  2:50  Hellion x2  
  28  2:54  SCV  
  28  2:57  Barracks Tech Lab  
  29  2:59  Orbital Command  
  29  3:10  SCV  
  30  3:14  Refinery  
  30  3:17  Stimpack, Marine  
  31  3:22  Factory Reactor  
  31  3:23  SCV  
  32  3:30  Marine  
  32  3:31  SCV  
  32  3:32  Marine x2  
  35  3:53  Marine x2  
  35  3:54  Marine  
  35  3:55  SCV, Marauder  
  37  4:01  Engineering Bay, SCV  
  38  4:03  Supply Depot  
  38  4:05  Widow Mine x2  
  38  4:09  SCV  
  43  4:11  Starport, Marine  
  43  4:13  SCV  
  43  4:14  Marine  
  46  4:22  Supply Depot, SCV  
  46  4:25  Marine  
  46  4:29  SCV  
  47  4:33  Marine x2  
  47  4:34  Marine  
  47  4:37  Missile Turret  
  47  4:38  SCV  
  51  4:44  Marine  
  47  4:46  SCV  
  47  4:51  Marine x3  
  45  5:01  Marine  
  45  5:02  SCV  
  45  5:06  Medivac  
  45  5:07  Medivac  
  50  5:08  SCV  
  50  5:16  Marine x2  
  50  5:19  Widow Mine  
  50  5:20  SCV  
  54  5:22  Missile Turret  
  54  5:33  Combat Shields  
  54  5:47  Terran Infantry Weapons Level 1  
  54  5:55  Supply Depot  
  54  6:00  SCV x2, Widow Mine, Marine x4  
  54  6:02  Supply Depot  
  62  6:17  SCV  
  62  6:18  Marine x3  
  64  6:22  Barracks Tech Lab  
  64  6:23  SCV  
  61  6:26  Barracks, Medivac  
  61  6:27  Barracks  
  61  6:31  Medivac  
  65  6:35  SCV x2  
  65  6:36  Marine  
  66  6:48  Marine  
  66  6:49  Marine, Marauder  
  66  6:50  SCV  
  66  6:51  Factory Reactor  
  66  6:52  SCV  
  72  6:55  Refinery  
  72  6:56  Refinery  
  72  6:59  Marine  
  73  7:02  Supply Depot  
  73  7:06  Liberator, Marine  
  73  7:08  Marauder  
  76  7:15  Supply Depot, Barracks Tech Lab, Barracks Reactor  
  76  7:24  SCV x2  
  76  7:26  Supply Depot  
  76  7:27  Liberator  
  81  7:34  Marine  
  81  7:35  Marauder  
  84  7:40  Marine, Marauder x2, Concussive Shells  
  89  7:48  Supply Depot  
  92  7:52  Marine  
  92  7:54  Marine  
  92  7:56  Marauder  
  92  7:58  Widow Mine x2  
  98  8:00  Liberator  
  98  8:01  Marine  
  101  8:06  Supply Depot x2, Terran Infantry Armor Level 1  
  101  8:10  Marauder  
  101  8:11  Supply Depot  
  103  8:18  Marine x2  
  108  8:22  Marine  
  108  8:23  Marauder  
  108  8:25  Liberator  
  101  8:30  Marine, Marauder  
  101  8:31  Widow Mine x2  
  98  8:39  Marine x2  
  98  8:40  Marine  
  101  8:43  Marine  
  101  8:44  Liberator  
  101  8:47  Marine  
  106  8:48  Marine  
  106  8:51  Marine  
  108  8:57  Marine x2  
  108  8:58  Marine  
  108  9:01  Marine  
  115  9:05  Marine  
  115  9:07  Marine  
  115  9:09  Marauder  
  119  9:14  Marine  
  119  9:15  Marine  
  119  9:16  Marine  
  122  9:19  Marauder  
  122  9:24  Marauder  
  113  9:25  Marine  
  113  9:31  Marauder  
  113  9:32  Marine x2  
  113  9:34  Marine  
  90  9:43  Marine  
  90  9:45  Marauder  
  77  9:50  Marine x2  
  77  9:51  Marine  
  72  9:54  Marine, Command Center  
  72  9:55  Marauder  
  73  10:00  Medivac  
  73  10:01  Medivac  
  73  10:02  Marine  
  73  10:05  Widow Mine  
  79  10:08  Widow Mine  
  79  10:11  Marine  
  78  10:17  Marine  
  78  10:18  Marine, Marauder  
  78  10:20  Marine  
  80  10:22  Marine  
Show
View Real Time Build Order
Export as new Build Order

IlIlIlIlIlIl Protoss - Winner!

Build Orders: 1 Gate Expand, Oracle Opening 

Get SALT Encoding   

  12  0:01  Probe (Chrono Boost)  
  13  0:11  Probe (Chrono Boost)  
  14  0:18  Pylon  
  14  0:22  Probe (Chrono Boost)  
  15  0:36  Probe (Chrono Boost)  
  15  0:37  Gateway  
  15  0:42  Assimilator  
  16  0:47  Probe (Chrono Boost)  
  17  0:57  Probe (Chrono Boost)  
  18  1:08  Probe (Chrono Boost)  
  19  1:19  Nexus  
  19  1:29  Cybernetics Core  
  19  1:32  Probe (Chrono Boost)  
  20  1:37  Assimilator  
  20  1:43  Probe (Chrono Boost)  
  21  1:47  Pylon  
  21  1:53  Probe (Chrono Boost)  
  22  2:04  Probe (Chrono Boost)  
  22  2:05  Adept (Chrono Boost)  
  22  2:06  Warp Gate (Chrono Boost)  
  25  2:16  Probe  
  25  2:21  Stargate  
  26  2:28  Probe  
  26  2:29  Adept (Chrono Boost)  
  29  2:34  Probe  
  30  2:40  Probe  
  31  2:45  Probe  
  32  2:52  Probe  
  32  2:55  Probe  
  34  3:00  Oracle (Chrono Boost)  
  34  3:01  Gateway  
  34  3:02  Gateway  
  37  3:08  Probe  
  37  3:10  Probe  
  39  3:14  Adept  
  41  3:20  Probe  
  41  3:22  Probe  
  41  3:23  Pylon  
  43  3:29  Pylon  
  43  3:32  Probe  
  44  3:36  Oracle, Probe  
  46  3:49  Probe x2 (Chrono Boost)  
  47  4:01  Probe (Chrono Boost)  
  50  4:03  Adept x2  
  50  4:04  Mothership Core (Chrono Boost)  
  50  4:05  Adept  
  56  4:12  Probe (Chrono Boost)  
  57  4:22  Probe (Chrono Boost)  
  59  4:24  Probe (Chrono Boost)  
  59  4:30  Nexus  
  59  4:32  Pylon  
  59  4:34  Probe (Chrono Boost)  
  59  4:36  Probe (Chrono Boost)  
  61  4:44  Probe (Chrono Boost)  
  59  4:48  Probe (Chrono Boost)  
  60  4:55  Probe (Chrono Boost)  
  58  5:00  Probe (Chrono Boost)  
  58  5:03  Forge  
  58  5:04  Pylon  
  58  5:05  Twilight Council, Probe (Chrono Boost)  
  59  5:10  Assimilator  
  59  5:11  Assimilator  
  59  5:13  Probe (Chrono Boost)  
  60  5:16  Probe (Chrono Boost)  
  61  5:21  Sentry, Adept  
  61  5:22  Adept  
  61  5:25  Probe (Chrono Boost)  
  61  5:26  Probe (Chrono Boost)  
  61  5:28  Resonating Glaives  
  69  5:29  Robotics Facility  
  69  5:31  Pylon  
  70  5:36  Protoss Ground Weapons Level 1 (Chrono Boost), Probe (Chrono Boost)  
  70  5:37  Probe (Chrono Boost)  
  70  5:41  Probe  
  71  5:47  Probe  
  71  5:48  Probe  
  71  5:49  Photon Cannon x2  
  74  5:52  Probe  
  74  5:54  Photon Cannon  
  75  5:57  Adept  
  75  5:58  Sentry  
  75  6:01  Adept  
  75  6:03  Probe x3  
  84  6:13  Pylon, Probe  
  84  6:15  Probe  
  82  6:23  Adept x3  
  82  6:24  Pylon  
  88  6:27  Pylon, Probe  
  88  6:28  Probe x2  
  91  6:40  Gateway  
  91  6:41  Pylon, Gateway  
  91  6:42  Probe x2, Gateway  
  93  6:49  Observer (Chrono Boost)  
  94  6:57  Blink, Pylon  
  97  7:04  Assimilator  
  97  7:05  Protoss Ground Armor Level 1, Assimilator  
  97  7:06  Void Ray, Robotics Bay  
  97  7:07  Pylon  
  98  7:12  Pylon  
  98  7:13  Observer (Chrono Boost)  
  99  7:23  Stalker x3  
  99  7:29  Pylon  
  105  7:31  Pylon  
  105  7:35  Photon Cannon  
  105  7:41  Warp Prism (Chrono Boost)  
  107  7:48  Robotics Facility  
  107  7:51  Pylon  
  107  7:53  Stalker x5  
  107  7:54  Stalker  
  119  8:03  Pylon  
  119  8:15  Nexus  
  119  8:16  Disruptor (Chrono Boost)  
  119  8:19  Pylon  
  122  8:21  Pylon  
  122  8:35  Disruptor (Chrono Boost)  
  122  8:39  Forge  
  125  8:47  Gateway x2  
  125  8:49  Photon Cannon  
  125  8:54  Adept x6  
  140  8:56  Disruptor (Chrono Boost)  
  140  8:58  Pylon  
  136  9:11  Disruptor (Chrono Boost)  
  136  9:13  Pylon  
  139  9:21  Stalker x6  
  106  9:46  Stalker x6  
  118  9:56  Disruptor x2 (Chrono Boost)  
  118  9:58  Adept x2  
  126  10:19  Sentry  
  124  10:23  Adept x7  
  124  10:24  Pylon  
  134  10:44  Adept x2  
  134  10:45  Adept  
  134  10:46  Adept  
Tags
 
Add a new tag
Caveats
  • Supply blocks, unpowered buildings, or Contaminate may cause inaccurate times.
  • Supply counts are checked every 10 seconds.